 Dungeon Crawl Stone Soup version 0.29.1-12-g30fa7ad0bf (webtiles) character file.

Game seed: 3465782278966019342

30 xian the Trooper (level 3, -7/30 HPs)
             Began as a Formicid Abyssal Knight on Dec 21, 2022.
             Was a Believer of Lugonu.
             Killed from afar by an orc wizard (8 damage)
             ... with a magic dart
             ... on level 3 of the Dungeon.
             The game lasted 00:03:01 (1634 turns).

xian the Trooper (Formicid Abyssal Knight)          Turns: 1634, Time: 00:03:01

Health: -7/30      AC:  7    Str: 19    XL:     3   Next: 35%
Magic:  4/4        EV:  9    Int:  9    God:    Lugonu [**....]
Gold:   86         SH:  0    Dex: 14    Spells: 2/2 levels left

rFire   . . .      SeeInvis +   a - +1 hand axe
rCold   + . .      Faith    .   b - +0 buckler
rNeg    . . .      Spirit   .   m - +0 scale mail
rPois   .          Reflect  .   (helmet unavailable)
rElec   .          Harm     .   e - +0 cloak
rCorr   .          Rampage  .   (no gloves)
Will    .....                   (no boots)
Stlth   ..........              (no amulet)
HPRegen 0.10/turn               (no ring)
MPRegen 0.09/turn               (no ring)

@: confused, mighty, attractive
A: permanent stasis, dig shafts and tunnels, antennae 3, four strong arms, cold
resistance 1, MP-powered wands
a: Dig, Shaft Self, Renounce Religion, Depart the Abyss, Bend Space


You were on level 3 of the Dungeon.
You worshipped Lugonu.
Lugonu was pleased with you.
You visited 1 branch of the dungeon, and saw 4 of its levels.
You visited the Abyss 1 time.

You collected 86 gold pieces.

Inventory:

Hand Weapons
 a - a +1 hand axe (weapon)
Missiles
 f - 6 poisoned darts (quivered)
Armour
 b - a +0 buckler (worn)
 d - an orb of mayhem
 e - a +0 cloak (worn)
 m - a +0 scale mail (worn)
Magical Staves
 k - a staff of cold
Scrolls
 h - 2 scrolls of butterflies {unknown}
 j - a scroll of immolation {unknown}
 l - a scroll of teleportation {unknown}
 o - a scroll of noise {unknown}
 p - a scroll of silence {unknown}
 q - a scroll of enchant armour {unknown}


   Skills:
 + Level 4.1 Fighting
 + Level 2.2 Axes
 + Level 2.5 Armour
 + Level 1.0 Dodging
 * Level 2.4 Invocations


You had 2 spell levels left.
You didn't know any spells.
Your spell library was empty.

Dungeon Overview and Level Annotations

Branches:
Dungeon (4/15)
 Temple: D:4-7

Altars:


Innate Abilities, Weirdness & Mutations

You cannot be hasted, slowed, berserked, paralysed or teleported.
You can dig through walls and to a lower floor.
You have a pair of large antennae on your head. (SInv)
Your four strong arms can wield two-handed weapons with a shield.
Your flesh is cold resistant. (rC+)
You expend magic power (3 MP) to strengthen your wands.


Message History

Unknown command.
It was a potion of mutation.
You feel extremely strange.
You feel your magical essence link to the dungeon's wands.
You feel resistant to cold.
The orc wizard mumbles some strange words.
The orc wizard flickers and vanishes for a moment.
The orc wizard hits you but does no damage.
The orc barely misses you.
It was a potion of curing.
You feel better.
The orc wizard hits you with a +0 dagger.
The orc closely misses you.
Unknown command.
You hit the orc wizard but do no damage.
The orc wizard is heavily wounded.
The orc wizard hits you but does no damage.
The orc hits you from afar with a +0 trident.
It was a potion of attraction.
You feel attractive to monsters.
The orc wizard gestures at you while chanting.
You are confused.
The orc barely misses you.
It was a potion of might.
You feel very mighty all of a sudden. The orc wizard casts a spell at you.
The magic dart hits you.
* * * LOW HITPOINT WARNING * * *
The orc hits you from afar with a +0 trident.
* * * LOW HITPOINT WARNING * * *
You bump into the rock wall.
The orc wizard hits you but does no damage.
The orc hits you but does no damage.
You slash the orc wizard!
You kill the orc wizard!
Lugonu accepts your kill.
The orc hits you from afar with a +0 trident.
* * * LOW HITPOINT WARNING * * *
The orc barely misses you.
The orc wizard points at you and mumbles some strange words.
The magic dart hits you!
You die...

#########################
................@ooo.....
##################o..!###
....# ....# o...# o.o.#
....# { ....#


You could see 2 orc wizards and 2 orcs.

Vanquished Creatures
  An orc wizard (D:3)
  2 ball pythons (D:1)
  5 endoplasms
  2 goblins
  2 hobgoblins (D:2)
  10 kobolds
  A quokka (D:2)
  2 bats
  4 rats
29 creatures vanquished.

Notes
Turn   | Place    | Note
-------+----------+-------------------------------------------
     0 | Abyss:1  | xian the Formicid Abyssal Knight began the quest for the
                  | Orb.
     0 | Abyss:1  | Reached XP level 1. HP: 18/18 MP: 2/2
    65 | Abyss:1  | Noticed a smoke demon
    66 | D:1      | Escaped the Abyss
   351 | D:1      | Reached skill level 1 in Dodging
   355 | D:1      | Reached XP level 2. HP: 21/25 MP: 3/3
  1068 | D:2      | Reached skill level 4 in Fighting
  1243 | D:2      | Reached XP level 3. HP: 28/30 MP: 4/4
  1496 | D:2      | You fall into a shaft and drop 2 floors!
  1628 | D:3      | Gained mutation: You expend magic power (3 MP) to
                  | strengthen your wands. [potion of mutation]
  1628 | D:3      | Gained mutation: Your flesh is cold resistant. (rC+)
                  | [potion of mutation]
  1634 | D:3      | HP: 1/30 [orc/+0 trident (4)]
  1634 | D:3      | Killed from afar by an orc wizard

Illustrated notes

Levels and vault maps discovered:
D:1:      tarquinn_simple_flora_water_b, layout_loops_ring, nicolae_titane
D:2:      layout_basic, serial_rivers, chequers_serial_rivers_large_a,
          chequers_serial_rivers_micro_c, chequers_serial_rivers_small_a,
          chequers_serial_rivers_room_b, shapermc_ecumenical_altar_notcrosses,
          minmay_ruptured
D:3:      layout_basic, mainiacjoe_overflow_catwalk_spiral, elyvilon_altar_4,
          minmay_puff, uniq_sigmund
D:4:      layout_cave_pools, jmf_multi_god_temple, serial_undead,
          serial_undead_b, serial_undead_c, serial_undead_c, serial_undead_e,
          hellmonk_ghost_happy_afterlife, serial_shops, nicolae_shop_crystal

Skill      XL: |  1  2 |
---------------+-------+-----
Dodging        | 1 |  1.0
Fighting       | 4 |  4.1
Axes           | |  2.2
Armour         | |  2.5
Invocations    | |  2.4

Action                   || total
-------------------------++-------
Melee: Hand axe          ||    70
Invok: Depart the Abyss  ||     1
  Use: Potion            ||     4
Armor: Leather armour    ||     8
       Scale mail        ||    18
Dodge: Dodged            ||    38
Block: Buckler           ||    10
